 Dungeon Crawl Stone Soup version 0.29.1-1-gd02db6906a (webtiles) character file.

Game seed: 5046447472218559897

46 drewk1942 the Sneak (level 3, 0/18 HPs)
             Began as a Vine Stalker Brigand on Oct 10, 2022.
             Succumbed to an adder's poison
             ... on level 2 of the Dungeon.
             The game lasted 00:04:17 (1635 turns).

drewk1942 the Sneak (Vine Stalker Brigand)          Turns: 1635, Time: 00:04:17

Health: 0/18       AC:  3    Str: 13    XL:     3   Next: 66%
Magic:  10/13      EV: 11    Int: 11    God:
Gold:   55         SH:  0    Dex: 17    Spells: 2/2 levels left

rFire   . . .      SeeInvis .   a - +2 dagger
rCold   . . .      Faith    .   (no shield)
rNeg    . . .      Spirit   +   b - +0 robe
rPois   .          Reflect  .   (no helmet)
rElec   .          Harm     .   c - +0 cloak
rCorr   .          Rampage  .   (no gloves)
Will    .....                   (no boots)
Stlth   +++.......              (no amulet)
HPRegen 0.06/turn               i - ring of magical power
MPRegen 0.13/turn               (no ring)

@: lethally poisoned (0 -> -2)
A: fangs 2, magic shield, antimagic bite, no potion heal 2
a: no special abilities


You were on level 2 of the Dungeon.
You visited 1 branch of the dungeon, and saw 2 of its levels.

You collected 55 gold pieces.

Inventory:

Hand Weapons
 a - a +2 dagger (weapon)
Missiles
 d - 6 poisoned darts (quivered)
 e - 3 curare-tipped darts
Armour
 b - a +0 robe (worn)
 c - a +0 cloak (worn)
Jewellery
 i - a ring of magical power (left hand)
Scrolls
 k - a scroll of fear {unknown}
 l - a scroll of identify {unknown}
Potions
 f - a potion of magic {unknown}
 g - 2 potions of curing {unknown}
 h - a potion of mutation {unknown}
 j - 2 potions of haste {unknown}
 m - 2 potions of heal wounds {unknown}


   Skills:
 - Level 1.7 Fighting
 * Level 2.9 Short Blades
 + Level 2.3 Throwing
 - Level 0.7 Dodging
 + Level 5.1 Stealth


You had 2 spell levels left.
You didn't know any spells.
Your spell library contained the following spells:

 Spells                   Type           Power      Damage    Failure   Level
 Corpse Rot               Necr/Pois/Air  0%         N/A       98%         4
 Dispel Undead            Necr           0%         3d6       98%         4
 Death Channel            Necr           0%         N/A       100%        6


Dungeon Overview and Level Annotations

Branches:
Dungeon (2/15)

Altars:


Innate Abilities, Weirdness & Mutations

You have extremely sharp teeth.
When hurt, damage is shared between your health and your magic reserves.
Your bite disrupts and absorbs the magic of your enemies.
Potions cannot restore your health.


Message History

You throw a poisoned dart.
The poisoned dart barely misses the adder.
You feel sick. The adder barely misses you.
You throw a poisoned dart.
The poisoned dart closely misses the adder.
You feel sick. The adder bites you.
You are too injured to fight recklessly!
You are too injured to fight recklessly!
You are too injured to fight recklessly!
You hit the adder. Your bite misses the adder.
The adder is heavily wounded.
You feel sick. The adder barely misses you. The adder bites you.
You are lethally poisoned!
The adder poisons you!
You barely miss the adder. Your bite misses the adder.
The adder is heavily wounded.
* * * LOW HITPOINT WARNING * * *
You feel sick. The adder barely misses you.
You hit the adder.
The adder is severely wounded.
* * * LOW HITPOINT WARNING * * *
You feel sick. The adder bites you but does no damage.
You barely miss the adder. Your bite misses the adder.
The adder is severely wounded.
* * * LOW HITPOINT WARNING * * *
You feel sick. The adder misses you.
You hit the adder.
You kill the adder!
* * * LOW HITPOINT WARNING * * *
You feel sick.
The kobold shouts!
The kobold attacks as you move away! The kobold barely misses you.
* * * LOW HITPOINT WARNING * * *
You feel sick.
You hit the kobold. Your bite misses the kobold.
The kobold is moderately wounded.
The kobold misses you.
You hit the kobold.
You kill the kobold!
You die...

.# .# ####.###
#(..... #....####
#....?...
#####†.......#
#...#..#####.#.
#..!@).........
#.$.#####....##
###...##........#
###....###........#
#......†..........#
...#.#####...†.....#
## #. #....<....# <
#.######### # #.#


There were no monsters in sight!

Vanquished Creatures
  An adder (D:2)
  2 dart slugs (D:2)
  3 bats (D:1)
  3 endoplasms (D:1)
  2 giant cockroaches (D:1)
  2 goblins (D:1)
  3 hobgoblins (D:1)
  2 jackals (D:1)
  A quokka (D:1)
  5 ball pythons
  A frilled lizard (D:1)
  4 kobolds
  4 rats
33 creatures vanquished.

Notes
Turn   | Place    | Note
-------+----------+-------------------------------------------
     0 | D:1      | drewk1942 the Vine Stalker Brigand began the quest for the
                  | Orb.
     0 | D:1      | Reached XP level 1. HP: 11/11 MP: 2/2
   321 | D:1      | Reached XP level 2. HP: 15/15 MP: 3/3
   846 | D:1      | Found a faded altar of an unknown god.
   971 | D:1      | Reached XP level 3. HP: 15/18 MP: 4/4
  1289 | D:1      | Reached skill level 5 in Stealth
  1635 | D:2      | Succumbed to an adder's poison

Illustrated notes

Levels and vault maps discovered:
D:1:      minmay_arrival_doors, layout_basic, shapermc_ecumenical_altar_petra,
          hangedman_abyss_or_decor_stabs
D:2:      layout_basic, minmay_misc_feat_x

Skill      XL: |  1  2  3 |
---------------+----------+-----
Short Blades   | 2 |  2.9
Throwing       | 2 |  2.3
Stealth        | 5 |  5.1
Fighting       | |  1.7
Dodging        | |  0.7

Action                   || total
-------------------------++-------
Melee: Dagger            ||    76
       Bite              ||    11
Throw: Dart              ||    11
 Stab: Sleeping          ||     4
Armor: Robe              ||    15
Dodge: Dodged            ||    34
